 Dungeon Crawl Stone Soup version 0.20.1-1-g8b1a95d (webtiles) character file.

114 slep the Skirmisher (level 4, -3/40 HPs)
             Began as a Hill Orc Fighter on Oct 21, 2017.
             Slain by an orc warrior
             ... wielding a +0 flail
              (10 damage)
             ... on level 4 of the Dungeon.
             The game lasted 00:15:57 (2324 turns).

slep the Skirmisher (Hill Orc Fighter)              Turns: 2324, Time: 00:15:57

Health: -3/40      AC:  8    Str: 17 (18) XL:     4   Next: 98%
Magic:  4/4        EV:  9    Int:  6 (8)  God:
Gold:   61         SH:  9    Dex:  8 (11) Spells: 3/3 levels left

rFire    + . .     SeeInvis .   a - +0 long sword
rCold    . . .     Gourm    .   c - +0 shield
rNeg     . . .     Faith    .   j - +2 animal skin
rPois    .         Spirit   .   k - +0 helmet
rElec    .         Reflect  .   (no cloak)
rCorr    .         Harm     .   (no gloves)
MR       .....                  (no boots)
Stlth    +.........             (no amulet)
Regen    0.2/turn               o - ring of protection from fire
MPRegen  0.1/turn               p - +3 ring of protection

@: no status effects
A: no striking features
a: no special abilities


You were on level 4 of the Dungeon.
You were hungry.

You visited 1 branch of the dungeon, and saw 4 of its levels.

You collected 61 gold pieces.

Inventory:

Hand Weapons
 a - a +0 long sword (weapon)
 e - a +0 spear
Missiles
 n - 2 tomahawks (quivered)
Armour
 b - a +0 scale mail
 c - a +0 shield (worn)
 j - a +2 animal skin (worn)
 k - a +0 helmet (worn)
Jewellery
 o - a ring of protection from fire (left hand)
 p - a +3 ring of protection (right hand)
Wands
 g - a wand of random effects (29/48)
Scrolls
 h - 3 scrolls of teleportation {unknown}
 l - a scroll of remove curse {unknown}
 r - a scroll of enchant armour {unknown}
 s - a scroll of magic mapping {unknown}
Potions
 d - a potion of might
Comestibles
 f - 4 bread rations
 i - 2 fruits
 m - a royal jelly


   Skills:
 + Level 4.2 Fighting
 + Level 3.4 Long Blades
 + Level 4.0 Armour
 + Level 0.4 Dodging
 + Level 4.2 Shields


You had 3 spell levels left.
You didn't know any spells.

Dungeon Overview and Level Annotations

Branches:
Dungeon (4/15)
 Temple: D:4-7

Altars:


Message History

You see here 10 gold pieces.
You barely miss the orc warrior. You block the orc's attack.
You block the orc warrior's attack.
You slash the orc!
You kill the orc!
Your shield prevents you from hitting the orc warrior.
You block the orc warrior's attack.
You hit the orc warrior but do no damage.
The orc warrior hits you with a flail.
You closely miss the orc warrior. You block the orc warrior's attack.
You closely miss the orc warrior. The orc warrior hits you with a flail.
You hit the orc warrior but do no damage.
The orc warrior hits you with a flail.
* * * LOW HITPOINT WARNING * * *
You barely miss the orc warrior. You block the orc warrior's attack.
You hit the orc warrior but do no damage.
The orc warrior hits you with a flail.
* * * LOW HITPOINT WARNING * * *
You closely miss the orc warrior. The orc warrior hits you with a flail!
You die...

#.##.###.##.#####
#>#.## ##........
#####.##.###.##.#####
.......)..#.## #
##.##..##.%.###.##
..... #.o.......
#.###.###oo###### #
#. #o## #. #@# .. #.#
## ..# #..# #..# ...#
#.## #.


You could see an orc warrior, an orc wizard and 2 orcs.

Vanquished Creatures
  Robin (D:3)
  4 adders
  An ooze (D:3)
  A worm (D:2)
  2 dart slugs (D:1)
  3 leopard geckos
  An orc (D:4)
  3 giant cockroaches (D:1)
  17 goblins
  7 hobgoblins
  4 kobolds (D:3)
  4 bats
  A frilled lizard (D:1)
  2 rats (D:3)
51 creatures vanquished.

Notes
Turn   | Place    | Note
-------+----------+-------------------------------------------
     0 | D:1      | slep the Hill Orc Fighter began the quest for the Orb.
     0 | D:1      | Reached XP level 1. HP: 19/19 MP: 1/1
   396 | D:1      | Reached XP level 2. HP: 27/27 MP: 2/2
   579 | D:1      | Reached XP level 3. HP: 19/33 MP: 3/3
  1055 | D:2      | Reached XP level 4. HP: 34/40 MP: 4/4
  1727 | D:3      | Noticed Robin
  1738 | D:3      | Killed Robin
  2305 | D:4      | Noticed an orc warrior
  2324 | D:4      | Slain by an orc warrior

Skill      XL: |  1  2  3  4 |
---------------+-------------+-----
Fighting       | 4 |  4.2
Shields        | 4 |  4.2
Long Blades    | 3 |  3.4
Armour         | 4 |  4.0
Dodging        | |  0.4

Action                   |  1- 3 |  4- 6 || total
-------------------------+-------+-------++-------
Melee: Long sword        |   113 |    85 ||   198
Throw: Tomahawk          |     1 |       ||     1
  Use: Potion            |       |     4 ||     4
  Eat: Chunk             |       |     4 ||     4
Armor: Scale mail        |    58 |    25 ||    83
       Animal skin       |       |    10 ||    10
Dodge: Dodged            |    31 |    23 ||    54
Block: Shield            |    71 |    42 ||   113
       Rpst.: Long sword |    11 |    10 ||    21
